 Dungeon Crawl Stone Soup version 0.18.1-50-g88ac8fd (webtiles) character file.

221 KarmaPolice the Covered (level 6, -3/47 HPs)
             Began as a Human Fighter on Oct 5, 2016.
             Slain by a scorpion (6 damage)
             ... on level 4 of the Dungeon.
             The game lasted 00:11:50 (1673 turns).

KarmaPolice the Covered (Human Fighter)             Turns: 1673, Time: 00:11:50

Health: -3/47      AC:  7    Str: 22      XL:     6   Next: 19%
Magic:  6/6        EV:  8    Int:  9      God:
Gold:   108        SH: 12    Dex: 12 (13) Spells: 0 memorised, 5 levels left

rFire  . . .     SeeInvis .     a - +0 long sword
rCold  . . .     Gourm    .     b - +0 scale mail
rNeg   . . .     Faith    .     c - +0 shield
rPois  .         Spirit   .     (no helmet)
rElec  .         Dismiss  .     (no cloak)
rCorr  .         Reflect  +     (no gloves)
SustAt .         Harm     .     (no boots)
MR     .....                    n - +2 amulet of reflection
Stlth  ..........               (no ring)
                                (no ring)

@: mighty, lethally poisoned (-3 -> -15), not resistant to hostile enchantments,
extremely unstealthy
A: no striking features
a: no special abilities


You were on level 4 of the Dungeon.
You were not hungry.

You visited 1 branch of the dungeon, and saw 3 of its levels.

You collected 108 gold pieces.

Inventory:

Hand Weapons
 a - a +0 long sword (weapon)
 g - a +0 spear
 k - a +0 hunting sling
 o - a +0 short sword
 p - a +0 whip
 r - a +0 hand axe
 t - a +0 falchion
 v - a +3 dagger
 y - a +0 club
Missiles
 h - 30 bolts
Armour
 b - a +0 scale mail (worn)
 c - a +0 shield (worn)
 i - a +0 robe
 q - a +0 ring mail
 s - a cursed +0 leather armour
 u - a +2 chain mail of fire resistance
Jewellery
 n - a +2 amulet of reflection (around neck)
Scrolls
 e - 2 scrolls of remove curse
 m - a scroll of noise
 x - 3 scrolls of identify {unknown}
Potions
 w - a potion of heal wounds {unknown}
 z - a potion of agility {unknown}
Comestibles
 f - a bread ration
 j - a beef jerky
 l - 4 fruits


   Skills:
 + Level 3.5 Fighting
 + Level 2.8 Long Blades
 + Level 4.3 Armour
 + Level 2.0 Dodging
 + Level 4.1 Shields


You had 5 spell levels left.
You didn't know any spells.

Dungeon Overview and Level Annotations

Branches:
Dungeon (2/15)             Temple (0/1) D:4

Altars:
Nemelex Xobeh


Message History

You block the scorpion's attack.
You slash the scorpion!
You kill the scorpion!
Your Dodging skill increases to level 2!
You have reached level 6!
Your experience leads to an increase in your attributes!
Your base attributes are Str 17, Int 9, Dex 12.
Increase (S)trength, (I)ntelligence, or (D)exterity?
You feel agile.
You slash the scorpion!
The scorpion is heavily wounded.
The scorpion stings you.
* * * LOW HITPOINT WARNING * * *
You are lethally poisoned!
The scorpion poisons you! You block the scorpion's attack.
You hit the scorpion.
The scorpion is severely wounded.
* * * LOW HITPOINT WARNING * * *
You feel sick. The scorpion stings you.
You die...

.....)....#.###.# ...#
#...#)#...#.....##...###
#..#.#.#..#..##..#......
..#.#.#.#........#......
#..#.>.#..##..##...#.#..
..#.#.#.#..#...#.......#
...#.#.#....#..#o.>#####
....#.#.....#..#s#......
..........#...##@###....
.......#......##........
.....####.#...#####.....
.......# .#...# _..⌠
.∩.###.# .# .# ).. ..##
.# # # .. ..# # . ..#
###


You could see a scorpion and an orc.

Vanquished Creatures
  A scorpion (D:4)
  A quasit (D:4)
  A giant frog skeleton (D:4)
  4 gnolls
  An adder (D:4)
  2 oozes (D:1)
  A dart slug (D:1)
  2 giant geckos (D:1)
  5 orcs (D:4)
  4 giant cockroaches
  5 goblins
  8 hobgoblins (D:1)
  4 jackals (D:4)
  2 ball pythons
  3 bats
  2 giant newts
  5 kobolds
  4 rats (D:1)
55 creatures vanquished.

Notes
Turn   | Place    | Note
--------------------------------------------------------------
     0 | D:1      | KarmaPolice the Human Fighter began the quest for the Orb.
     0 | D:1      | Reached XP level 1. HP: 18/18 MP: 1/1
    33 | D:1      | Reached XP level 2. HP: 19/24 MP: 2/2
   240 | D:1      | Reached XP level 3. HP: 29/29 MP: 3/3
   797 | D:1      | Reached XP level 4. HP: 33/35 MP: 4/4
  1280 | D:2      | You fall through a shaft for 2 floors!
  1296 | D:4      | Reached skill level 1 in Dodging
  1300 | D:4      | Reached XP level 5. HP: 37/41 MP: 5/5
  1305 | D:4      | Found a staircase to the Ecumenical Temple.
  1659 | D:4      | Found a sparkling altar of Nemelex Xobeh.
  1671 | D:4      | Reached XP level 6. HP: 11/47 MP: 6/6
  1673 | D:4      | Slain by a scorpion

Skill      XL: |  1  2  3  4  5 |
---------------+----------------+-----
Dodging        | 1 2 |  2.0
Armour         | 4 |  4.3
Shields        | 4 |  4.1
Fighting       | |  3.5
Long Blades    | |  2.8

Action                   |  1- 3 |  4- 6 || total
-------------------------+-------+-------++-------
Melee: Long sword        |    78 |   115 ||   193
  Use: Scroll            |       |     2 ||     2
       Potion            |       |     2 ||     2
  Eat: Pizza             |       |     1 ||     1
       Beef jerky        |       |     1 ||     1
Armor: Scale mail        |    37 |    84 ||   121
Dodge: Dodged            |    22 |    65 ||    87
Block: Shield            |    52 |   129 ||   181
